 Dungeon Crawl Stone Soup version 0.27-a0-1322-gfdffb62a71 (webtiles) character file.

Game seed: 12423185877759978992

510 bande the Covered (level 7, -8/44 HPs)
             Began as a Gargoyle Fighter on June 23, 2021.
             Was a Follower of Okawaru.
             Killed by divine providence
             ... invoked by an orc priest
              (15 damage)
             ... on level 4 of the Dungeon.
             The game lasted 00:05:38 (3998 turns).

bande the Covered (Gargoyle Fighter)                Turns: 3998, Time: 00:05:39

Health: -8/44      AC: 17    Str: 21    XL:     7   Next: 19%
Magic:  7/7        EV:  4    Int:  8    God:    Okawaru [*.....]
Gold:   208        SH:  9    Dex: 10    Spells: 6/6 levels left

rFire    . . .     SeeInvis .   a - +1 war axe (vorpal)
rCold    . . .     Faith    .   c - +0 kite shield
rNeg     + . .     Spirit   .   n - +1 plate armour
rPois    ∞         Reflect  .   (no helmet)
rElec    +         Harm     .   (no cloak)
rCorr    .         Rampage  .   (no gloves)
Will     .....                  (no boots)
Stlth    ..........             (no amulet)
HPRegen  0.14/turn              (no ring)
MPRegen  0.10/turn              (no ring)

@: no status effects
A: sickness immunity, AC +4, negative energy resistance 1, electricity
resistance, torment resistance 1, petrification resistance
a: Renounce Religion, Heroism


You were on level 4 of the Dungeon.
You worshipped Okawaru.
Okawaru was aware of your devotion.
You visited 1 branch of the dungeon, and saw 4 of its levels.

You collected 208 gold pieces.

Inventory:

Hand Weapons
 a - a +1 vorpal war axe (weapon)
Armour
 c - a +0 kite shield (worn)
 n - a +1 plate armour (worn)
Jewellery
 h - an amulet of guardian spirit
 m - a ring of flight
Wands
 g - a wand of charming (6)
Scrolls
 b - a scroll of acquirement {unknown}
 k - 2 scrolls of brand weapon
 l - 2 scrolls of identify
Potions
 f - a potion of magic
 i - a potion of curing
 j - a potion of cancellation {unknown}


   Skills:
 + Level 4.3 Fighting
 + Level 4.5 Axes
 + Level 4.8 Armour
 - Level 1.0 Dodging
 + Level 4.6 Shields
 * Level 1.0 Invocations
 * Level 0.8 Evocations


You had 6 spell levels left.
You didn't know any spells.
Your spell library contained the following spells:

 Spells                   Type           Power      Damage    Failure   Level
 Foxfire                  Conj/Fire      0%         2x1d4     100%        1
 Shock                    Conj/Air       0%         1d3       100%        1
 Poisonous Vapours        Pois/Air       0%         N/A       100%        2
 Static Discharge         Conj/Air       0%         N/A       100%        2
 Swiftness                Air            0%         N/A       100%        3
 Fireball                 Conj/Fire      0%         3d3       100%        5
 Starburst                Conj/Fire      0%         8x6d3     100%        6


Dungeon Overview and Level Annotations

Branches:
Dungeon (4/15)
 Temple: D:4-7

Altars:
Kikubaaqudgha
Okawaru
Sif Muna
Xom


Innate Abilities, Weirdness & Mutations

You are immune to sickness and miasma.
Your stone body is resilient. (AC +4)
You are immune to poison.
You resist negative energy. (rN+)
You are resistant to electric shocks. (rElec)
You are resistant to unholy torment.
You are immune to petrification.


Message History

HP restored.
You start waiting.
Done waiting.
You see here a +0 hand axe.
You open the door.
There is an open door here.
An orc priest comes into view. It is wielding a +0 trident.
Found a stone staircase leading up.
There is an open door here.
The orc priest mumbles some strange prayers to Beogh against you.
Pain shoots through your body!
The orc priest hits you but does no damage.
You closely miss the orc priest.
The orc priest hits you with a +0 trident.
You block the orc priest's attack.
You slash the orc priest!
The orc priest is severely wounded.
The orc priest invokes the aid of Beogh against you.
Beogh smites you!
You closely miss the orc priest.
The orc priest is severely wounded.
You block the orc priest's attack.
You hit the orc priest.
The orc priest is almost dead.
The orc priest hits you with a +0 trident.
The orc priest invokes the aid of Beogh against you.
Beogh smites you!
* * * LOW HITPOINT WARNING * * *
You are too injured to fight recklessly!
You are too injured to fight recklessly!
You are too injured to fight recklessly!
You are too injured to fight recklessly!
You are too injured to fight recklessly!
You are too injured to fight recklessly!
You hit the orc priest but do no damage.
The orc priest is almost dead.
The orc priest hits you but does no damage.
The orc priest calls down the wrath of Beogh upon you.
Beogh smites you!
You die...

#.#
#.#.#.###'#####
#.######...#.....#
#.##......########
#.##.........
#..........#
######'####.#
#...<.......#
#.##.#.#######
#..#@....... ##
#o.###### #..#
#..# ...# ....
##.# ..


You could see an orc priest.

Vanquished Creatures
  Grinder (D:4)
  A necrophage (D:4)
  A phantom (D:4)
  2 orc priests (D:4)
  2 adders (D:2)
  2 worms
  2 orcs (D:4)
  5 ball pythons
  4 bats
  4 endoplasms
  2 giant cockroaches
  6 goblins
  6 hobgoblins
  4 jackals
  6 kobolds
  3 quokkas
  6 frilled lizards
  5 rats
62 creatures vanquished.

Vanquished Creatures (others)
  A human (D:3)
  5 plants (D:1)
6 creatures vanquished.

Grand Total: 68 creatures vanquished

Notes
Turn   | Place    | Note
-------+----------+-------------------------------------------
     0 | D:1      | bande the Gargoyle Fighter began the quest for the Orb.
     0 | D:1      | Reached XP level 1. HP: 14/14 MP: 1/1
    29 | D:1      | Identified Sif Muna's Tome of Heat and Flight
   124 | D:1      | Reached XP level 2. HP: 18/19 MP: 2/2
  1391 | D:2      | Reached XP level 3. HP: 18/23 MP: 3/3
  1825 | D:2      | Reached XP level 4. HP: 29/29 MP: 4/4
  1833 | D:2      | Found a faded altar of an unknown god.
  2536 | D:3      | Found a shimmering blue altar of Sif Muna.
  2536 | D:3      | Found a shimmering altar of Xom.
  2536 | D:3      | Found an iron altar of Okawaru.
  2825 | D:3      | Found an ancient bone altar of Kikubaaqudgha.
  2826 | D:3      | Noticed a human
  2830 | D:3      | Killed a human
  3001 | D:3      | Became a worshipper of Warmaster Okawaru
  3412 | D:4      | Noticed Grinder
  3414 | D:4      | Noticed a necrophage
  3423 | D:4      | Paralysed by Grinder for 5 turns
  3432 | D:4      | Killed a necrophage
  3432 | D:4      | Paralysed by Grinder for 6 turns
  3433 | D:4      | Reached XP level 5. HP: 24/33 MP: 5/5
  3441 | D:4      | Paralysed by Grinder for 3 turns
  3446 | D:4      | Paralysed by Grinder for 2 turns
  3454 | D:4      | Paralysed by Grinder for 3 turns
  3456 | D:4      | Killed Grinder
  3456 | D:4      | Reached * piety under Okawaru
  3457 | D:4      | Reached skill level 1 in Dodging
  3457 | D:4      | Reached XP level 6. HP: 25/38 MP: 6/6
  3585 | D:4      | Reached XP level 7. HP: 25/43 MP: 7/7
  3593 | D:4      | Reached skill level 1 in Invocations
  3998 | D:4      | Killed from afar by an orc priest

Illustrated notes

Levels and vault maps discovered:
D:1:      dpeg_arrival_long_road, layout_basic, minivault_14, nrook_mini_vaults,
          serial_bayou_lagoon_a
D:2:      minmay_recursive_quarters, layout_loops_ring,
          hellmonk_ecumenical_altar_lost_god, minmay_pentomino_s2
D:3:      layout_basic, gammafunk_temple_overflow_claw, tgw_kikubaaqudgha
D:4:      layout_basic, uniq_grinder

Skill      XL: |  1  2  3  4  5  6  7 |
---------------+----------------------+-----
Axes           | 2 3 4 |  4.5
Shields        | 4 |  4.6
Armour         | 4 |  4.8
Fighting       | 4 |  4.3
Dodging        | 1 |  1.0
Invocations    | 1 |  1.0
Evocations     | |  0.8

Action                   |  1- 3 |  4- 6 |  7- 9 || total
-------------------------+-------+-------+-------++-------
Melee: War axe           |   102 |    80 |    19 ||   201
  Use: Scroll            |     6 |     3 |       ||     9
       Potion            |       |     2 |     1 ||     3
Armor: Scale mail        |    73 |    20 |       ||    93
       Plate armour      |       |    31 |     6 ||    37
Dodge: Dodged            |    39 |    15 |     1 ||    55
Block: Kite shield       |    64 |    31 |     7 ||   102

Table legend: (Time is in decaauts)
 A = Elapsed time spent in this place.
 B = Non-inter-level travel time spent in this place.
 C = Inter-level travel time spent in this place.
 D = Time resting spent in this place.
 E = Time spent auto-exploring this place.
 F = Levels seen in this place.
 G = Mean time per level.
                   A        B        C        D        E       F      G
               +--------+--------+--------+--------+--------+-----+--------+
         Total |   4132 |   4062 |     70 |    496 |   2711 |   4 | 1033.0 |
       Dungeon |   4132 |   4062 |     70 |    496 |   2711 |   4 | 1033.0 |
               +--------+--------+--------+--------+--------+-----+--------+

Top non-repeatable levels by time:
     D:1: 1107 daAuts
     D:2: 1070 daAuts
     D:4: 982 daAuts
     D:3: 971 daAuts
